Blackhawks vs Jets
Created - April 29, 2020 at 20:01
Goals
|
| Blackhawks |
0 |
1 |
2 |
3 |
| Jets |
1 |
1 |
2 |
4 |
|
Shots
|
| Blackhawks |
11 |
12 |
10 |
33 |
| Jets |
8 |
8 |
21 |
37 |
|
1st period
1. Jets , Sam Gagner 13 (Oscar Klefbom 15, Kari Lehtonen) at 19:11
Penalties :
Derek Roy (Win) for Hooking (Minor) at 16:48
2nd period
2. Blackhawks , Brandon Yip 8 (Eric Brewer 4, Erik Christensen 19) at 11:08
3. Jets , Ryan Johansen 26 (Jacob Trouba 9, Marcus Johansson 37) at 18:29
Penalties :
Bobby Ryan (Win) for Hooking (Minor) at 18:53
3rd period
4. Jets , Derek Stepan 33 (Bobby Ryan 12, Tyler Myers 36) at 5:02
5. Blackhawks , Rick Nash 25 (Derick Brassard 78) at 8:52
6. Blackhawks , Cody Hodgson 23 (John Carlson 51) at 11:45
7. Jets , Ryan Johansen 27 (Nino Niederreiter 27, Eric Gelinas 20) at 13:45
Penalties :
Eric Brewer (Chi) for Holding (Minor) at 17:24
Goalie Stats
Jimmy Howard (Chi), 33 saves from 37 shots - (0.892), L, 31-28-8, 60:00 minutes
Kari Lehtonen (Win), 30 saves from 33 shots - (0.909), W, 15-11-3, 60:00 minutes
Players Stats for Blackhawks
Player Name G A P +/- PIM S H SB GA TA FO MP PP MP PK MP
------------------------------------------------------------------------------------
Antoine Roussel 0 0 0 1 0 3 3 1 1 1 0/0 16:41 1:39 0:20
Brandon Yip 1 0 1 1 0 2 3 0 0 0 0/0 11:50 0:03 0:00
Chris Kreider 0 0 0 -2 0 1 3 0 0 0 0/1 21:55 2:16 0:59
Cody Hodgson 1 0 1 1 0 3 1 0 0 0 7/12 16:21 1:39 0:00
David Jones 0 0 0 -1 0 0 1 0 0 0 0/0 8:54 0:00 0:00
Derick Brassard 0 1 1 -2 0 3 0 0 1 0 17/30 21:55 2:16 0:59
Eric Brewer 0 1 1 1 2 3 2 1 0 0 0/0 19:03 1:39 0:00
Erik Christensen 0 1 1 1 0 1 3 1 0 0 3/5 11:50 0:03 0:00
John Carlson 0 1 1 -1 0 2 3 2 3 1 0/0 26:48 1:42 0:55
Kevin Marshall 0 0 0 -1 0 3 0 0 0 0 0/0 13:17 0:37 0:01
Mason Raymond 0 0 0 -1 0 1 0 0 0 0 0/0 9:34 0:00 0:40
Matthew Spiller 0 0 0 1 0 0 2 2 0 0 0/0 20:32 2:16 1:03
Mike Green 0 0 0 -1 0 3 2 1 0 0 0/0 27:18 1:42 1:25
Nathan Horton 0 0 0 1 0 2 1 0 0 0 0/0 16:21 1:39 0:00
Rick Nash 1 0 1 -2 0 3 4 2 0 0 1/1 21:04 2:16 0:20
Scott Gomez 0 0 0 -1 0 3 1 0 0 0 1/2 9:34 0:00 0:40
Seth Jones 0 0 0 -1 0 0 0 0 0 1 0/0 13:13 0:00 0:34
Tomas Fleischmann 0 0 0 1 0 0 2 1 0 0 1/1 11:50 0:03 0:00
Players Stats for Jets
Player Name G A P +/- PIM S H SB GA TA FO MP PP MP PK MP
------------------------------------------------------------------------------------
Adam Henrique 0 0 0 0 0 3 0 0 0 0 2/2 18:39 1:00 0:00
Bobby Ryan 0 1 1 0 2 3 1 1 0 0 0/3 19:49 0:59 1:04
Derek Roy 0 0 0 -1 2 2 0 1 1 0 1/4 11:10 0:00 0:00
Derek Stepan 1 0 1 0 0 2 0 0 0 1 10/22 18:39 1:00 0:00
Eric Gelinas 0 1 1 1 0 1 1 3 0 1 0/0 19:33 0:43 1:34
Erik Haula 0 0 0 -1 0 2 0 0 0 0 2/2 14:35 0:00 2:32
Jacob Trouba 0 1 1 1 0 1 0 1 0 0 0/0 15:59 0:00 1:34
Jared Spurgeon 0 0 0 1 0 1 0 0 0 0 0/0 14:21 0:00 0:00
Kevin Hayes 0 0 0 -1 0 0 2 0 0 0 0/0 11:14 0:03 0:00
Marco Scandella 0 0 0 -1 0 1 1 4 1 0 0/0 25:00 1:16 2:24
Marcus Johansson 0 1 1 2 0 5 0 0 1 0 1/1 19:03 0:59 1:58
Nikolay Goldobin 0 0 0 0 0 1 0 0 0 0 0/0 8:47 0:00 0:00
Nino Niederreiter 0 1 1 2 0 3 0 1 0 0 0/1 17:56 0:57 0:24
Oscar Klefbom 0 1 1 1 0 1 0 0 0 1 0/0 18:49 0:43 0:00
Ronalds Kenins 0 0 0 0 0 2 0 0 0 0 0/1 9:20 0:00 0:32
Ryan Johansen 2 0 2 2 0 5 0 0 0 1 2/8 18:27 0:59 1:26
Sam Gagner 1 0 1 0 0 3 1 0 0 1 4/8 9:39 0:00 0:00
Tyler Myers 0 1 1 -1 0 1 1 2 0 0 0/0 25:00 1:16 2:24
3 Stars
1 - Ryan Johansen (Win)
2 - Brandon Yip (Chi)
3 - Cody Hodgson (Chi)
Power Play
Blackhawks - 0 on 2 Attempt(s) - 0.00%
Jets - 0 on 1 Attempt(s) - 0.00%
Penalty Kill
Blackhawks - 1 on 1 Attempt(s) - 100.00%
- Score 0 goal in Penalty Kill
Jets - 2 on 2 Attempt(s) - 100.00%
- Score 0 goal in Penalty Kill
Team Stat
Blackhawks - Hits : 31 - Faceoff Wins : 30 - Blocked Shots : 11 - Penalty Minutes : 2
Jets - Hits : 7 - Faceoff Wins : 22 - Blocked Shots : 13 - Penalty Minutes : 4
Official
Referees : Unknown
Linesman : Unknown
Game Notes
No Game Note
Finance
Level 1 -- Attendance: 5968 (99.47%) -- Ticket Income $626,640
Level 2 -- Attendance: 3729 (74.58%) -- Ticket Income $249,843
Level 3 -- Attendance: 1629 (81.45%) -- Ticket Income $71,676
Level 4 -- Attendance: 4000 (100.00%) -- Ticket Income $104,000
Luxury Box -- Attendance: 1000 (100.00%) -- Ticket Income $185,000
Game was played at the MTS Center.
Total Attendance: 16326 (90.70%)
Total Ticket Income: $1,237,159
Other Income: $185,574
Total Income: $1,422,733
Blackhawks
5 vs 5 Forward
Center Left Wing Right Wing Time % Phy DF OF
1 Derick Brassard Chris Kreider Rick Nash 40 1 2 2
2 Cody Hodgson Antoine Roussel Nathan Horton 30 1 2 2
3 Erik Christensen Tomas Fleischmann Brandon Yip 20 1 2 2
4 Scott Gomez Mason Raymond David Jones 10 1 2 2
5 vs 5 Defense
Defense Defense Time % Phy DF OF
1 Mike Green John Carlson 40 1 2 2
2 Matthew Spiller Eric Brewer 30 1 2 2
3 Kevin Marshall Seth Jones 20 1 2 2
4 Mike Green John Carlson 10 1 2 2
PowerPlay Forward
Center Left Wing Right Wing Time % Phy DF OF
1 Derick Brassard Chris Kreider Rick Nash 60 1 2 2
2 Cody Hodgson Antoine Roussel Nathan Horton 40 1 2 2
PowerPlay Defense
Defense Defense Time % Phy DF OF
1 Mike Green John Carlson 60 1 2 2
2 Matthew Spiller Eric Brewer 40 1 2 2
Penalty Kill 4 Players Forward
Center Wing Time % Phy DF OF
1 Chris Kreider Derick Brassard 60 1 2 2
2 Antoine Roussel Rick Nash 40 1 2 2
Penalty Kill 4 Players Defense
Defense Defense Time % Phy DF OF
1 Mike Green John Carlson 60 1 2 2
2 Matthew Spiller Eric Brewer 40 1 2 2
Penalty Kill - 3 Players Forward
Forward Time % Phy DF OF
1 Chris Kreider 60 1 2 2
2 Derick Brassard 40 1 2 2
Penalty Kill - 3 Players Defense
Defense Defense Time % Phy DF OF
1 Mike Green John Carlson 60 1 2 2
2 Matthew Spiller Eric Brewer 40 1 2 2
4 vs 4 Forward
Center Wing Time % Phy DF OF
1 Chris Kreider Derick Brassard 60 1 2 2
2 Antoine Roussel Rick Nash 40 1 2 2
4 vs 4 Defense
Defense Defense Time % Phy DF OF
1 Mike Green John Carlson 60 1 2 2
2 Matthew Spiller Eric Brewer 40 1 2 2
Last Minutes Offensive
Center Left Wing Right Wing Defense Defense
Derick Brassard Chris Kreider Rick Nash Mike Green John Carlson
Last Minutes Defensive
Center Left Wing Right Wing Defense Defense
Derick Brassard Chris Kreider Rick Nash Mike Green John Carlson
Goaltenders
Starting : Jimmy Howard
Backup : Ray Emery
Extra Forwards
Normal : Tomas Fleischmann, Erik Christensen, Scott Gomez - PP : Tomas Fleischmann, Erik Christensen - PK : Scott Gomez
Extra Defensemen
Normal : Kevin Marshall, Seth Jones, Matthew Spiller - PP : Kevin Marshall - PK : Seth Jones, Matthew Spiller
Penalty Shots
Chris Kreider, Derick Brassard, Antoine Roussel, Rick Nash, Cody Hodgson
Scratches
Gabriel Bourque (Healthy)
Jets
5 vs 5 Forward
Center Left Wing Right Wing Time % Phy DF OF
1 Derek Stepan Adam Henrique Bobby Ryan 40 1 2 2
2 Ryan Johansen Marcus Johansson Nino Niederreiter 32 1 2 2
3 Derek Roy Erik Haula Kevin Hayes 22 1 2 2
4 Sam Gagner Ronalds Kenins Nikolay Goldobin 6 1 2 2
5 vs 5 Defense
Defense Defense Time % Phy DF OF
1 Marco Scandella Tyler Myers 40 2 2 1
2 Eric Gelinas Oscar Klefbom 30 1 2 2
3 Jared Spurgeon Jacob Trouba 20 1 2 2
4 Marco Scandella Tyler Myers 10 1 2 2
PowerPlay Forward
Center Left Wing Right Wing Time % Phy DF OF
1 Derek Stepan Adam Henrique Nino Niederreiter 60 1 0 4
2 Ryan Johansen Marcus Johansson Bobby Ryan 40 0 0 5
PowerPlay Defense
Defense Defense Time % Phy DF OF
1 Marco Scandella Tyler Myers 60 0 1 4
2 Eric Gelinas Oscar Klefbom 40 0 1 4
Penalty Kill 4 Players Forward
Center Wing Time % Phy DF OF
1 Erik Haula Bobby Ryan 60 1 3 1
2 Ryan Johansen Nino Niederreiter 40 2 3 0
Penalty Kill 4 Players Defense
Defense Defense Time % Phy DF OF
1 Marco Scandella Tyler Myers 60 1 4 0
2 Jacob Trouba Eric Gelinas 40 1 4 0
Penalty Kill - 3 Players Forward
Forward Time % Phy DF OF
1 Erik Haula 60 0 4 1
2 Nino Niederreiter 40 0 4 1
Penalty Kill - 3 Players Defense
Defense Defense Time % Phy DF OF
1 Marco Scandella Tyler Myers 60 0 4 1
2 Eric Gelinas Jacob Trouba 40 0 4 1
4 vs 4 Forward
Center Wing Time % Phy DF OF
1 Derek Stepan Adam Henrique 60 1 2 2
2 Ryan Johansen Marcus Johansson 40 1 2 2
4 vs 4 Defense
Defense Defense Time % Phy DF OF
1 Marco Scandella Eric Gelinas 60 1 2 2
2 Tyler Myers Oscar Klefbom 40 1 2 2
Last Minutes Offensive
Center Left Wing Right Wing Defense Defense
Derek Stepan Adam Henrique Nino Niederreiter Oscar Klefbom Marco Scandella
Last Minutes Defensive
Center Left Wing Right Wing Defense Defense
Ryan Johansen Erik Haula Nino Niederreiter Marco Scandella Tyler Myers
Goaltenders
Starting : Kari Lehtonen
Backup : Jonathan Bernier
Extra Forwards
Normal : Ryan Johansen, Erik Haula, Marcus Johansson - PP : Derek Stepan, Adam Henrique - PK : Bobby Ryan
Extra Defensemen
Normal : Tyler Myers, Marco Scandella, Eric Gelinas - PP : Tyler Myers - PK : Marco Scandella, Eric Gelinas
Penalty Shots
Ryan Johansen, Erik Haula, Adam Henrique, Sam Gagner, Marcus Johansson
Scratches
None
% Time on Ice - Blackhawks
Lines # - Real PCT - Wanted PCT - Time Play
Normal Forward
1 - 35% - 40% - 18:33
2 - 27% - 30% - 14:42
3 - 21% - 20% - 11:30
4 - 17% - 10% - 8:54
Normal Defense
1 - 38% - 40% - 20:31
2 - 32% - 30% - 17:25
3 - 23% - 20% - 12:27
4 - 6% - 10% - 3:16
PP Forward
1 - 58% - 60% - 2:19
2 - 42% - 40% - 1:39
PP Defense
1 - 58% - 60% - 2:19
2 - 42% - 40% - 1:39
PK Forward
1 - 83% - 60% - 1:39
2 - 17% - 40% - 0:20
PK Defense
1 - 46% - 60% - 0:55
2 - 54% - 40% - 1:04
PK3 Forward
1 - 0% - 60%
2 - 0% - 40%
PK3 Defense
1 - 0% - 60%
2 - 0% - 40%
44 Forward
1 - 0% - 60%
2 - 0% - 40%
44 Defense
1 - 0% - 60%
2 - 0% - 40%
Last Minute Offensive - 0:24
Last Minute Defensive - 0:00
Total
Forward - 60:00
Defense - 60:00
|
% Time on Ice - Jets
Lines # - Real PCT - Wanted PCT - Time Play
Normal Forward
1 - 33% - 40% - 17:40
2 - 30% - 32% - 15:49
3 - 21% - 22% - 11:11
4 - 16% - 6% - 8:47
Normal Defense
1 - 35% - 40% - 18:48
2 - 35% - 30% - 18:31
3 - 26% - 20% - 13:45
4 - 4% - 10% - 2:23
PP Forward
1 - 50% - 60% - 1:00
2 - 50% - 40% - 0:59
PP Defense
1 - 64% - 60% - 1:16
2 - 36% - 40% - 0:43
PK Forward
1 - 90% - 60% - 3:34
2 - 10% - 40% - 0:24
PK Defense
1 - 61% - 60% - 2:24
2 - 39% - 40% - 1:34
PK3 Forward
1 - 0% - 60%
2 - 0% - 40%
PK3 Defense
1 - 0% - 60%
2 - 0% - 40%
44 Forward
1 - 0% - 60%
2 - 0% - 40%
44 Defense
1 - 0% - 60%
2 - 0% - 40%
Last Minute Offensive - 0:00
Last Minute Defensive - 0:36
Total
Forward - 60:00
Defense - 60:00
|
Play-by-Play
1st period
0:01 of 1st period - Derick Brassard wins face-off versus Derek Stepan in neutral zone.
0:12 of 1st period - Snap shot by Derick Brassard.
0:12 of 1st period - Shot Misses the Net.
0:14 of 1st period - Snap shot by Rick Nash.
0:14 of 1st period - Stopped by Kari Lehtonen without a rebound.
0:15 of 1st period - Cody Hodgson wins face-off versus Ryan Johansen in Jets zone.
0:46 of 1st period - Wrist shot by Derek Roy.
0:46 of 1st period - Stopped by Jimmy Howard with a rebound.
0:48 of 1st period - Slapshot by Eric Gelinas.
0:48 of 1st period - Shot Misses the Net.
0:50 of 1st period - Wrist shot by Oscar Klefbom.
0:50 of 1st period - Stopped by Jimmy Howard without a rebound.
0:51 of 1st period - Derick Brassard wins face-off versus Derek Stepan in Blackhawks zone.
1:01 of 1st period - Slapshot by Kevin Marshall.
1:01 of 1st period - Stopped by Kari Lehtonen without a rebound.
1:02 of 1st period - Sam Gagner wins face-off versus Scott Gomez in Jets zone.
1:07 of 1st period - Snap shot by Scott Gomez.
1:07 of 1st period - Stopped by Kari Lehtonen with a rebound.
1:32 of 1st period - Snap shot by Antoine Roussel.
1:32 of 1st period - Shot Blocked by Tyler Myers.
1:34 of 1st period - Snap shot by Nathan Horton.
1:34 of 1st period - Stopped by Kari Lehtonen with a rebound.
1:36 of 1st period - Slapshot by Nathan Horton.
1:36 of 1st period - Shot Misses the Net.
1:38 of 1st period - Wrist shot by Nathan Horton.
1:38 of 1st period - Stopped by Kari Lehtonen with a rebound.
1:40 of 1st period - Slapshot by Antoine Roussel.
1:40 of 1st period - Shot Misses the Net.
2:24 of 1st period - Snap shot by Tomas Fleischmann.
2:24 of 1st period - Deflect By Marcus Johansson.
2:24 of 1st period - Shot Blocked by Nino Niederreiter.
2:24 of 1st period - Puck is out of play.
2:25 of 1st period - Derek Roy wins face-off versus Erik Christensen in Jets zone.
2:36 of 1st period - Snap shot by Erik Haula.
2:36 of 1st period - Shot Misses the Net.
2:52 of 1st period - Bobby Ryan is hit by Matthew Spiller and loses puck.
3:40 of 1st period - Slapshot by John Carlson.
3:40 of 1st period - Shot Blocked by Jacob Trouba.
3:42 of 1st period - Wrist shot by Mason Raymond.
3:42 of 1st period - Stopped by Kari Lehtonen with a rebound.
3:53 of 1st period - Icing by Kevin Hayes.
3:54 of 1st period - Erik Christensen wins face-off versus Derek Roy in Jets zone.
4:01 of 1st period - Snap shot by Chris Kreider.
4:01 of 1st period - Stopped by Kari Lehtonen with a rebound.
4:21 of 1st period - Snap shot by Kevin Hayes.
4:21 of 1st period - Shot Misses the Net.
4:23 of 1st period - Slapshot by Jacob Trouba.
4:23 of 1st period - Stopped by Jimmy Howard with a rebound.
4:25 of 1st period - Snap shot by Jared Spurgeon.
4:25 of 1st period - Shot Misses the Net.
4:27 of 1st period - Slapshot by Erik Haula.
4:27 of 1st period - Shot Misses the Net.
5:36 of 1st period - Snap shot by Derick Brassard.
5:36 of 1st period - Stopped by Kari Lehtonen without a rebound.
5:37 of 1st period - Adam Henrique wins face-off versus Cody Hodgson in Jets zone.
6:58 of 1st period - Snap shot by Ryan Johansen.
6:58 of 1st period - Shot Misses the Net.
7:00 of 1st period - Snap shot by Nino Niederreiter.
7:00 of 1st period - Stopped by Jimmy Howard with a rebound.
7:20 of 1st period - Snap shot by Adam Henrique.
7:20 of 1st period - Shot Misses the Net.
7:26 of 1st period - Marco Scandella is hit by Mike Green and loses puck.
7:53 of 1st period - Tyler Myers is hit by Erik Christensen.
8:04 of 1st period - Oscar Klefbom is hit by Cody Hodgson and loses puck.
8:36 of 1st period - Derek Stepan is hit by Brandon Yip and loses puck.
9:01 of 1st period - Jacob Trouba is hit by Scott Gomez and loses puck.
9:36 of 1st period - Bobby Ryan is hit by David Jones and loses puck.
9:53 of 1st period - Nino Niederreiter is hit by Tomas Fleischmann and loses puck.
10:44 of 1st period - Eric Gelinas is hit by Erik Christensen and loses puck.
10:49 of 1st period - Snap shot by Tomas Fleischmann.
10:49 of 1st period - Shot Misses the Net.
10:51 of 1st period - Wrist shot by Brandon Yip.
10:51 of 1st period - Stopped by Kari Lehtonen with a rebound.
11:03 of 1st period - Erik Haula is hit by Eric Brewer and loses puck.
11:22 of 1st period - Jared Spurgeon is hit by John Carlson and loses puck.
12:10 of 1st period - Tyler Myers is hit by Chris Kreider and loses puck.
12:58 of 1st period - Jared Spurgeon is hit by Erik Christensen and loses puck.
13:50 of 1st period - Eric Gelinas is hit by Tomas Fleischmann and loses puck.
14:12 of 1st period - Seth Jones is hit by Kevin Hayes.
14:34 of 1st period - Icing by Mike Green.
14:35 of 1st period - Cody Hodgson wins face-off versus Sam Gagner in Blackhawks zone.
14:46 of 1st period - Sam Gagner is hit by Eric Brewer and loses puck.
15:01 of 1st period - Sam Gagner is hit by John Carlson and loses puck.
15:13 of 1st period - Wrist shot by Erik Christensen.
15:13 of 1st period - Shot Blocked by Marco Scandella.
15:20 of 1st period - Icing by Marco Scandella.
15:21 of 1st period - Derick Brassard wins face-off versus Ronalds Kenins in Jets zone.
15:34 of 1st period - Snap shot by Ronalds Kenins.
15:34 of 1st period - Stopped by Jimmy Howard with a rebound.
16:00 of 1st period - Snap shot by Adam Henrique.
16:00 of 1st period - Shot Misses the Net.
16:02 of 1st period - Wrist shot by Bobby Ryan.
16:02 of 1st period - Shot Misses the Net.
16:12 of 1st period - Snap shot by Antoine Roussel.
16:12 of 1st period - Shot Misses the Net.
16:18 of 1st period - Snap shot by Nino Niederreiter.
16:18 of 1st period - Shot Misses the Net.
16:20 of 1st period - Slapshot by Eric Gelinas.
16:20 of 1st period - Stopped by Jimmy Howard with a rebound.
16:22 of 1st period - Snap shot by Ryan Johansen.
16:22 of 1st period - Shot Misses the Net.
16:38 of 1st period - Snap shot by Rick Nash.
16:38 of 1st period - Shot Blocked by Eric Gelinas.
16:40 of 1st period - Snap shot by Rick Nash.
16:40 of 1st period - Stopped by Kari Lehtonen with a rebound.
16:48 of 1st period - Minor Penalty to Derek Roy for Hooking.
16:49 of 1st period - Erik Haula wins face-off versus Derick Brassard in Jets zone.
17:26 of 1st period - Jacob Trouba is hit by Antoine Roussel and loses puck.
17:43 of 1st period - Marco Scandella is hit by John Carlson and loses puck.
17:56 of 1st period - Marco Scandella is hit by Antoine Roussel and loses puck.
18:30 of 1st period - Jacob Trouba is hit by Chris Kreider and loses puck.
18:48 of 1st period - Penalty to Derek Roy is over, Derek Roy is back on ice.
19:11 of 1st period - Wrist shot by Sam Gagner.
19:11 of 1st period - Goal by Sam Gagner - Blackhawks : 0 - Jets : 1.
19:12 of 1st period - Ryan Johansen wins face-off versus Derick Brassard in neutral zone.
19:22 of 1st period - Kevin Marshall is hit by Tyler Myers and loses puck.
19:41 of 1st period - Slapshot by Bobby Ryan.
19:41 of 1st period - Stopped by Jimmy Howard without a rebound.
19:42 of 1st period - Derek Stepan wins face-off versus Cody Hodgson in Blackhawks zone.
19:55 of 1st period - Wrist shot by Antoine Roussel.
19:55 of 1st period - Shot Misses the Net.
19:57 of 1st period - Wrist shot by Cody Hodgson.
19:57 of 1st period - Stopped by Kari Lehtonen without a rebound.
19:58 of 1st period - Derick Brassard wins face-off versus Ryan Johansen in Jets zone.
Goals for this period are 0 for Blackhawks vs 1 for Jets.
Shots for this period are 11 for Blackhawks vs 8 for Jets.
2nd period
0:01 of 2nd period - Derick Brassard wins face-off versus Derek Stepan in neutral zone.
0:04 of 2nd period - Adam Henrique is hit by Rick Nash and loses puck.
0:29 of 2nd period - Icing by Ryan Johansen.
0:30 of 2nd period - Cody Hodgson wins face-off versus Ryan Johansen in Jets zone.
1:18 of 2nd period - Nino Niederreiter is hit by Mike Green and loses puck.
1:40 of 2nd period - Slapshot by Mike Green.
1:40 of 2nd period - Deflect By Antoine Roussel.
1:40 of 2nd period - Stopped by Kari Lehtonen with a rebound.
1:42 of 2nd period - Slapshot by Mike Green.
1:42 of 2nd period - Shot Misses the Net.
1:44 of 2nd period - Wrist shot by Antoine Roussel.
1:44 of 2nd period - Stopped by Kari Lehtonen with a rebound.
1:46 of 2nd period - Slapshot by Mike Green.
1:46 of 2nd period - Deflect By Nathan Horton.
1:46 of 2nd period - Shot Blocked by Marco Scandella.
1:46 of 2nd period - Puck is out of play.
1:47 of 2nd period - Rick Nash wins face-off versus Derek Stepan in Jets zone.
1:50 of 2nd period - Wrist shot by Derick Brassard.
1:50 of 2nd period - Stopped by Kari Lehtonen with a rebound.
1:58 of 2nd period - Wrist shot by Derek Stepan.
1:58 of 2nd period - Shot Misses the Net.
2:00 of 2nd period - Wrist shot by Derek Stepan.
2:00 of 2nd period - Deflect By Rick Nash.
2:00 of 2nd period - Shot Blocked by Matthew Spiller.
2:00 of 2nd period - Puck is out of play.
2:01 of 2nd period - Derek Stepan wins face-off versus Derick Brassard in Blackhawks zone.
2:27 of 2nd period - Marco Scandella is hit by Matthew Spiller and loses puck.
2:32 of 2nd period - Snap shot by John Carlson.
2:32 of 2nd period - Stopped by Kari Lehtonen with a rebound.
6:00 of 2nd period - Wrist shot by Sam Gagner.
6:00 of 2nd period - Shot Blocked by Eric Brewer.
6:06 of 2nd period - Jared Spurgeon is hit by Rick Nash and loses puck.
7:05 of 2nd period - Icing by Erik Haula.
7:06 of 2nd period - Tomas Fleischmann wins face-off versus Derek Roy in Jets zone.
7:33 of 2nd period - Derek Stepan is hit by Rick Nash and loses puck.
8:00 of 2nd period - Snap shot by Ryan Johansen.
8:00 of 2nd period - Shot Misses the Net.
8:02 of 2nd period - Snap shot by Marcus Johansson.
8:02 of 2nd period - Stopped by Jimmy Howard with a rebound.
8:14 of 2nd period - Slapshot by Kevin Marshall.
8:14 of 2nd period - Shot Misses the Net.
8:16 of 2nd period - Slapshot by Kevin Marshall.
8:16 of 2nd period - Deflect By Eric Gelinas.
8:16 of 2nd period - Stopped by Kari Lehtonen with a rebound.
8:18 of 2nd period - Wrist shot by Scott Gomez.
8:18 of 2nd period - Stopped by Kari Lehtonen with a rebound.
8:22 of 2nd period - Wrist shot by Scott Gomez.
8:22 of 2nd period - Shot Misses the Net.
8:24 of 2nd period - Slapshot by Kevin Marshall.
8:24 of 2nd period - Stopped by Kari Lehtonen with a rebound.
8:57 of 2nd period - Jacob Trouba is hit by Rick Nash and loses puck.
9:21 of 2nd period - Off-side.
9:22 of 2nd period - Cody Hodgson wins face-off versus Derek Stepan in neutral zone.
11:02 of 2nd period - Slapshot by Erik Christensen.
11:02 of 2nd period - Shot Misses the Net.
11:04 of 2nd period - Slapshot by Eric Brewer.
11:04 of 2nd period - Stopped by Kari Lehtonen with a rebound.
11:06 of 2nd period - Slapshot by Eric Brewer.
11:06 of 2nd period - Stopped by Kari Lehtonen with a rebound.
11:08 of 2nd period - Slapshot by Brandon Yip.
11:08 of 2nd period - Goal by Brandon Yip - Blackhawks : 1 - Jets : 1.
11:09 of 2nd period - Derek Stepan wins face-off versus Derick Brassard in neutral zone.
11:48 of 2nd period - Wrist shot by Marcus Johansson.
11:48 of 2nd period - Shot Misses the Net.
12:14 of 2nd period - Wrist shot by Scott Gomez.
12:14 of 2nd period - Stopped by Kari Lehtonen without a rebound.
12:15 of 2nd period - Derick Brassard wins face-off versus Derek Stepan in Jets zone.
12:22 of 2nd period - Snap shot by Chris Kreider.
12:22 of 2nd period - Shot Blocked by Marco Scandella.
12:49 of 2nd period - Marco Scandella is hit by Antoine Roussel and loses puck.
13:12 of 2nd period - Wrist shot by Ryan Johansen.
13:12 of 2nd period - Shot Blocked by Erik Christensen.
13:14 of 2nd period - Wrist shot by Ryan Johansen.
13:14 of 2nd period - Stopped by Jimmy Howard with a rebound.
13:16 of 2nd period - Snap shot by Ryan Johansen.
13:16 of 2nd period - Stopped by Jimmy Howard with a rebound.
13:18 of 2nd period - Wrist shot by Ryan Johansen.
13:18 of 2nd period - Shot Blocked by Tomas Fleischmann.
13:20 of 2nd period - Slapshot by Marco Scandella.
13:20 of 2nd period - Stopped by Jimmy Howard without a rebound.
13:21 of 2nd period - Derick Brassard wins face-off versus Bobby Ryan in Blackhawks zone.
14:56 of 2nd period - Slapshot by Sam Gagner.
14:56 of 2nd period - Stopped by Jimmy Howard without a rebound.
14:57 of 2nd period - Derick Brassard wins face-off versus Sam Gagner in Blackhawks zone.
15:30 of 2nd period - Backhand shot by Derek Stepan.
15:30 of 2nd period - Shot Blocked by Antoine Roussel.
15:36 of 2nd period - John Carlson is hit by Bobby Ryan.
15:50 of 2nd period - Slapshot by Mike Green.
15:50 of 2nd period - Stopped by Kari Lehtonen without a rebound.
15:51 of 2nd period - Scott Gomez wins face-off versus Ryan Johansen in Jets zone.
16:36 of 2nd period - Off-side.
16:37 of 2nd period - Adam Henrique wins face-off versus Cody Hodgson in neutral zone.
16:54 of 2nd period - Slapshot by Antoine Roussel.
16:54 of 2nd period - Shot Misses the Net.
17:18 of 2nd period - Snap shot by Rick Nash.
17:18 of 2nd period - Shot Blocked by Derek Roy.
17:20 of 2nd period - Snap shot by Chris Kreider.
17:20 of 2nd period - Deflect By Rick Nash.
17:20 of 2nd period - Shot Blocked by Tyler Myers.
17:20 of 2nd period - Puck is out of play.
17:21 of 2nd period - Derek Stepan wins face-off versus Erik Christensen in Jets zone.
17:21 of 2nd period - Derek Stepan is hit by Brandon Yip.
17:55 of 2nd period - Snap shot by Ryan Johansen.
17:55 of 2nd period - Shot Misses the Net.
17:57 of 2nd period - Wrist shot by Marcus Johansson.
17:57 of 2nd period - Stopped by Jimmy Howard without a rebound.
17:58 of 2nd period - Ryan Johansen wins face-off versus Derick Brassard in Blackhawks zone.
18:21 of 2nd period - Snap shot by Marcus Johansson.
18:21 of 2nd period - Shot Misses the Net.
18:23 of 2nd period - Wrist shot by Ryan Johansen.
18:23 of 2nd period - Shot Blocked by Rick Nash.
18:25 of 2nd period - Snap shot by Marcus Johansson.
18:25 of 2nd period - Shot Blocked by Mike Green.
18:29 of 2nd period - Slapshot by Ryan Johansen.
18:29 of 2nd period - Goal by Ryan Johansen - Blackhawks : 1 - Jets : 2.
18:30 of 2nd period - Derek Stepan wins face-off versus Derick Brassard in neutral zone.
18:35 of 2nd period - Snap shot by Adam Henrique.
18:35 of 2nd period - Shot Blocked by John Carlson.
18:37 of 2nd period - Snap shot by Tyler Myers.
18:37 of 2nd period - Shot Blocked by John Carlson.
18:39 of 2nd period - Slapshot by Marco Scandella.
18:39 of 2nd period - Deflect By Bobby Ryan.
18:39 of 2nd period - Stopped by Jimmy Howard with a rebound.
18:53 of 2nd period - Minor Penalty to Bobby Ryan for Hooking.
18:54 of 2nd period - Erik Haula wins face-off versus Derick Brassard in Jets zone.
19:11 of 2nd period - Erik Haula is hit by Chris Kreider and loses puck.
19:56 of 2nd period - Eric Brewer is hit by Eric Gelinas and loses puck.
Goals for this period are 1 for Blackhawks vs 1 for Jets.
Shots for this period are 12 for Blackhawks vs 8 for Jets.
3rd period
0:01 of 3rd period - Marcus Johansson wins face-off versus Derick Brassard in neutral zone.
0:53 of 3rd period - Penalty to Bobby Ryan is over, Bobby Ryan is back on ice.
3:01 of 3rd period - Icing by Nikolay Goldobin.
3:02 of 3rd period - Derick Brassard wins face-off versus Sam Gagner in Jets zone.
3:09 of 3rd period - Wrist shot by Derick Brassard.
3:09 of 3rd period - Stopped by Kari Lehtonen with a rebound.
3:29 of 3rd period - Slapshot by Derek Stepan.
3:29 of 3rd period - Shot Misses the Net.
3:46 of 3rd period - Icing by Derek Stepan.
3:47 of 3rd period - Erik Christensen wins face-off versus Ryan Johansen in Jets zone.
3:52 of 3rd period - Slapshot by Erik Christensen.
3:52 of 3rd period - Shot Misses the Net.
4:04 of 3rd period - Snap shot by Marcus Johansson.
4:04 of 3rd period - Stopped by Jimmy Howard with a rebound.
4:31 of 3rd period - Kevin Marshall is hit by Marco Scandella and loses puck.
4:48 of 3rd period - Slapshot by Adam Henrique.
4:48 of 3rd period - Stopped by Jimmy Howard with a rebound.
4:50 of 3rd period - Wrist shot by Marco Scandella.
4:50 of 3rd period - Shot Misses the Net.
4:52 of 3rd period - Slapshot by Marco Scandella.
4:52 of 3rd period - Shot Misses the Net.
4:54 of 3rd period - Slapshot by Tyler Myers.
4:54 of 3rd period - Shot Misses the Net.
4:56 of 3rd period - Wrist shot by Bobby Ryan.
4:56 of 3rd period - Stopped by Jimmy Howard with a rebound.
4:58 of 3rd period - Slapshot by Tyler Myers.
4:58 of 3rd period - Stopped by Jimmy Howard with a rebound.
5:02 of 3rd period - Snap shot by Derek Stepan.
5:02 of 3rd period - Goal by Derek Stepan - Blackhawks : 1 - Jets : 3.
5:03 of 3rd period - Cody Hodgson wins face-off versus Ryan Johansen in neutral zone.
5:30 of 3rd period - John Carlson is hit by Kevin Hayes and loses puck.
5:39 of 3rd period - Snap shot by Derek Roy.
5:39 of 3rd period - Stopped by Jimmy Howard without a rebound.
5:40 of 3rd period - Derek Stepan wins face-off versus Derick Brassard in Blackhawks zone.
5:53 of 3rd period - Snap shot by Derek Stepan.
5:53 of 3rd period - Stopped by Jimmy Howard without a rebound.
5:54 of 3rd period - Derick Brassard wins face-off versus Derek Stepan in Blackhawks zone.
6:01 of 3rd period - Snap shot by Chris Kreider.
6:01 of 3rd period - Shot Blocked by Marco Scandella.
6:03 of 3rd period - Slapshot by Mike Green.
6:03 of 3rd period - Stopped by Kari Lehtonen with a rebound.
6:05 of 3rd period - Wrist shot by Derick Brassard.
6:05 of 3rd period - Shot Misses the Net.
6:07 of 3rd period - Slapshot by Mike Green.
6:07 of 3rd period - Stopped by Kari Lehtonen without a rebound.
6:08 of 3rd period - Derick Brassard wins face-off versus Bobby Ryan in Jets zone.
6:40 of 3rd period - Snap shot by Nino Niederreiter.
6:40 of 3rd period - Stopped by Jimmy Howard with a rebound.
6:42 of 3rd period - Snap shot by Ryan Johansen.
6:42 of 3rd period - Stopped by Jimmy Howard without a rebound.
6:43 of 3rd period - Cody Hodgson wins face-off versus Nino Niederreiter in Blackhawks zone.
7:56 of 3rd period - Backhand shot by Marcus Johansson.
7:56 of 3rd period - Shot Misses the Net.
8:18 of 3rd period - Icing by Cody Hodgson.
8:19 of 3rd period - Sam Gagner wins face-off versus Cody Hodgson in Blackhawks zone.
8:20 of 3rd period - Snap shot by Nikolay Goldobin.
8:20 of 3rd period - Stopped by Jimmy Howard with a rebound.
8:42 of 3rd period - Snap shot by Antoine Roussel.
8:42 of 3rd period - Stopped by Kari Lehtonen with a rebound.
8:44 of 3rd period - Slapshot by Eric Brewer.
8:44 of 3rd period - Stopped by Kari Lehtonen without a rebound.
8:45 of 3rd period - Derick Brassard wins face-off versus Bobby Ryan in Jets zone.
8:52 of 3rd period - Wrist shot by Rick Nash.
8:52 of 3rd period - Goal by Rick Nash - Blackhawks : 2 - Jets : 3.
8:53 of 3rd period - Derick Brassard wins face-off versus Derek Stepan in neutral zone.
9:53 of 3rd period - Snap shot by Nino Niederreiter.
9:53 of 3rd period - Shot Misses the Net.
10:05 of 3rd period - Wrist shot by Marcus Johansson.
10:05 of 3rd period - Shot Blocked by Matthew Spiller.
10:51 of 3rd period - Snap shot by Marcus Johansson.
10:51 of 3rd period - Stopped by Jimmy Howard with a rebound.
10:55 of 3rd period - Snap shot by Ryan Johansen.
10:55 of 3rd period - Shot Misses the Net.
11:15 of 3rd period - Snap shot by Marcus Johansson.
11:15 of 3rd period - Stopped by Jimmy Howard without a rebound.
11:16 of 3rd period - Derek Stepan wins face-off versus Derick Brassard in Blackhawks zone.
11:27 of 3rd period - Snap shot by Adam Henrique.
11:27 of 3rd period - Stopped by Jimmy Howard with a rebound.
11:45 of 3rd period - Backhand shot by Cody Hodgson.
11:45 of 3rd period - Goal by Cody Hodgson - Blackhawks : 3 - Jets : 3.
11:46 of 3rd period - Derick Brassard wins face-off versus Derek Stepan in neutral zone.
12:13 of 3rd period - Marco Scandella is hit by Nathan Horton.
12:39 of 3rd period - Snap shot by Sam Gagner.
12:39 of 3rd period - Shot Misses the Net.
12:41 of 3rd period - Slapshot by Jared Spurgeon.
12:41 of 3rd period - Deflect By Seth Jones.
12:41 of 3rd period - Stopped by Jimmy Howard with a rebound.
12:43 of 3rd period - Snap shot by Ronalds Kenins.
12:43 of 3rd period - Stopped by Jimmy Howard without a rebound.
12:44 of 3rd period - Derick Brassard wins face-off versus Derek Stepan in Blackhawks zone.
13:00 of 3rd period - Slapshot by Derick Brassard.
13:00 of 3rd period - Shot Misses the Net.
13:07 of 3rd period - Icing by Adam Henrique.
13:08 of 3rd period - Cody Hodgson wins face-off versus Derek Stepan in Jets zone.
13:21 of 3rd period - Slapshot by Cody Hodgson.
13:21 of 3rd period - Stopped by Kari Lehtonen with a rebound.
13:23 of 3rd period - Slapshot by Eric Brewer.
13:23 of 3rd period - Shot Blocked by Eric Gelinas.
13:25 of 3rd period - Slapshot by Matthew Spiller.
13:25 of 3rd period - Shot Blocked by Eric Gelinas.
13:41 of 3rd period - Wrist shot by Nino Niederreiter.
13:41 of 3rd period - Stopped by Jimmy Howard with a rebound.
13:43 of 3rd period - Slapshot by Nino Niederreiter.
13:43 of 3rd period - Shot Blocked by Rick Nash.
13:45 of 3rd period - Backhand shot by Ryan Johansen.
13:45 of 3rd period - Goal by Ryan Johansen - Blackhawks : 3 - Jets : 4.
13:46 of 3rd period - Derick Brassard wins face-off versus Derek Stepan in neutral zone.
14:39 of 3rd period - Slapshot by John Carlson.
14:39 of 3rd period - Stopped by Kari Lehtonen without a rebound.
14:40 of 3rd period - Derick Brassard wins face-off versus Sam Gagner in Jets zone.
14:45 of 3rd period - Wrist shot by Chris Kreider.
14:45 of 3rd period - Shot Misses the Net.
15:05 of 3rd period - Wrist shot by Sam Gagner.
15:05 of 3rd period - Stopped by Jimmy Howard without a rebound.
15:06 of 3rd period - Erik Christensen wins face-off versus Derek Roy in Blackhawks zone.
15:25 of 3rd period - Kevin Hayes is hit by Brandon Yip and loses puck.
15:52 of 3rd period - Snap shot by Erik Haula.
15:52 of 3rd period - Shot Misses the Net.
16:18 of 3rd period - Wrist shot by Erik Christensen.
16:18 of 3rd period - Stopped by Kari Lehtonen without a rebound.
16:19 of 3rd period - Derek Stepan wins face-off versus Derick Brassard in Jets zone.
16:26 of 3rd period - Snap shot by Derick Brassard.
16:26 of 3rd period - Shot Blocked by Bobby Ryan.
17:00 of 3rd period - Icing by Cody Hodgson.
17:01 of 3rd period - Derek Stepan wins face-off versus Cody Hodgson in Blackhawks zone.
17:02 of 3rd period - Wrist shot by Adam Henrique.
17:02 of 3rd period - Stopped by Jimmy Howard with a rebound.
17:24 of 3rd period - Minor Penalty to Eric Brewer for Holding.
17:25 of 3rd period - Derek Stepan wins face-off versus Chris Kreider in Blackhawks zone.
19:24 of 3rd period - Penalty to Eric Brewer is over, Eric Brewer is back on ice.
19:30 of 3rd period - Eric Brewer is hit by Sam Gagner and loses puck.
19:35 of 3rd period - Snap shot by Erik Haula.
19:35 of 3rd period - Stopped by Jimmy Howard without a rebound.
19:36 of 3rd period - John Tortorella call a timeout for Blackhawks.
19:36 of 3rd period - Sam Gagner wins face-off versus Derick Brassard in Blackhawks zone.
19:43 of 3rd period - Wrist shot by Erik Haula.
19:43 of 3rd period - Stopped by Jimmy Howard without a rebound.
19:44 of 3rd period - Sam Gagner wins face-off versus Derick Brassard in Blackhawks zone.
19:47 of 3rd period - Snap shot by Sam Gagner.
19:47 of 3rd period - Shot Misses the Net.
19:57 of 3rd period - Slapshot by Nino Niederreiter.
19:57 of 3rd period - Shot Misses the Net.
Goals for this period are 2 for Blackhawks vs 2 for Jets.
Shots for this period are 10 for Blackhawks vs 21 for Jets.
Back to the Top